 Dungeon Crawl Stone Soup version 0.31-a0-816-gd61d57ddb1 (webtiles) character file.

Game seed: 6546339616118824511

98 Turgor the Changeling (level 4, -1/34 HPs)
             Began as a Barachi Shapeshifter on Sept 21, 2023.
             Killed from afar by an orc wizard (4 damage)
             ... with a puff of flame
             ... on level 3 of the Dungeon on Sept 22, 2023.
             The game lasted 00:08:01 (1884 turns).

Turgor the Changeling (Barachi Shapeshifter)        Turns: 1884, Time: 00:08:02

Health: -1/34      AC:  2    Str: 15    XL:     4   Next: 69%
Magic:  4/4        EV: 12    Int: 12    God:
Gold:   52         SH:  0    Dex: 12    Spells: 3/3 levels left

rFire   . .          .
                       - Unarmed
rCold   . . .        (no shield)
rNeg    . . .        a - +0 animal skin
rPois   .            (helmet currently unavailable)
rElec   .            (cloak currently unavailable)
rCorr   .            (gloves currently unavailable)
SInv    .            (boots currently unavailable)
Will    .....        (no amulet)
Stlth   +            (no ring)
HPRegen 0.25/turn    (no ring)
MPRegen 0.09/turn

%: no passive effects
@: mighty, beast-form, slow
A: beast (slay +2), amphibious, slowness 1, strong legs 1, +LOS
a: Hop, Begin Untransformation


You were on level 3 of the Dungeon.
You were a hulking beast.
You visited 1 branch of the dungeon, and saw 3 of its levels.

You collected 114 gold pieces.
You spent 62 gold pieces at shops.

Inventory:

Missiles
 o - 2 poisoned darts
Armour
 a - a +0 animal skin (worn)
Talismans
 c - a beast talisman (active)
 d - a flux talisman
 h - a talisman of death
Wands
 j - a wand of digging (4)
Scrolls
 e - a scroll of teleportation
 f - a scroll of fear {unknown}
 k - a scroll of vulnerability {unknown}
 m - a scroll of identify {unknown}
Potions
 b - a potion of enlightenment {unknown}
 g - a potion of might
 l - a potion of invisibility {unknown}
 n - a potion of haste {unknown}


   Skills:
 + Level 2.5 Fighting
 + Level 3.0 Dodging
 + Level 3.9 Unarmed Combat
 * Level 4.2 Shapeshifting


You had 3 spell levels left.
You didn't know any spells.
Your spell library contained the following spells:

 Spells                   Type           Power      Damage    Failure   Level
 Static Discharge         Conj/Air       0%         2-2/arc   45%         2
 Inner Flame              Hex/Fire       0%         N/A       69%         3
 Ozocubu's Armour         Ice            0%         N/A       69%         3
 Airstrike                Air            0%         2d(0-16)  97%         4
 Flame Wave               Conj/Fire      0%         2d4       97%         4
 Sticky Flame             Conj/Fire      0%         2d3       97%         4
 Summon Lightning Spire   Summ/Air       0%         N/A       97%         4
 Ozocubu's Refrigeration  Ice            0%         4d7       100%        7


Dungeon Overview and Level Annotations

Branches:
Dungeon (3/15)

Altars:

Shops:
D:2 *


Innate Abilities, Weirdness & Mutations

You are a hulking beast.
Your limbs bulge with bestial killing power. (Slay +2)
You are amphibious.
You cover ground slowly.
You can hop short distances.
You have an extended range of vision and can be seen from far away.


Message History

The orc wizard flickers and vanishes!
Deactivating autopickup; reactivate with Ctrl-A.
The orc hits you with a +0 flail.
You punch the orc!
You kill the orc!
You barely miss the orc priest. You barely miss the orc priest.
The orc priest misses you.
You barely miss the orc priest.
The orc priest hits you with a +0 flail.
You are too injured to fight recklessly!
You are too injured to fight recklessly!
You are too injured to fight recklessly!
Okay, then.
Unknown command.
Okay, then.
Unknown command.
Okay, then.
You hit the orc priest.
The orc priest is moderately wounded.
The orc priest hits you with a +0 flail!
* * * LOW HITPOINT WARNING * * *
You feel better.
The orc priest hits you with a +0 flail!
* * * LOW HITPOINT WARNING * * *
It was a potion of might.
You feel very mighty all of a sudden. The orc priest closely misses you.
You feel better.
The orc priest hits you with a +0 flail.
* * * LOW HITPOINT WARNING * * *
You punch the orc priest!
You kill the orc priest!
Your Dodging skill increases to level 3!
You completely miss something. Something hits you.
* * * LOW HITPOINT WARNING * * *
You punch something!
You hear some strange, mumbled words.
A puff of flame appears from out of thin air!
The puff of flame hits you.
You die...

........#...#.#
#######.#...#.#
#.#####.#
#.#####.#
#.......####
########...#
#.#.# ####
#.#.# .....#
#.#h# ####.#
#+#{# # ..# ##
...# >#######
....# ......r.
...#.# ..####
#####.. ..# ..#
..... ...


There were no monsters in sight!

Vanquished Creatures
  An orc priest (D:3)
  An adder (D:2)
  A shadow imp (D:3)
  A worm (D:2)
  An orc (D:3)
  6 ball pythons
  3 endoplasms
  4 giant cockroaches
  3 goblins
  4 hobgoblins (D:1)
  2 jackals (D:2)
  A quokka (D:2)
  A bat (D:2)
  7 frilled lizards
  6 kobolds
  5 rats
47 creatures vanquished.

Notes
Turn   | Place    | Note
-------+----------+-------------------------------------------
     0 | D:1      | Turgor the Barachi Shapeshifter began the quest for the
                  | Orb.
     0 | D:1      | Reached XP level 1. HP: 15/15 MP: 1/1
   111 | D:1      | Reached XP level 2. HP: 21/21 MP: 2/2
   147 | D:1      | Upgraded the game from 0.31-a0-803-g95b03c3367 to
                  | 0.31-a0-816-gd61d57ddb1
   580 | D:1      | Reached XP level 3. HP: 25/27 MP: 3/3
   984 | D:2      | Found Qaevil's Assorted Antiques.
   994 | D:2      | Bought a scroll labelled IPEETA JONAICK for 17 gold pieces
   994 | D:2      | Bought a green potion for 15 gold pieces
   994 | D:2      | Bought a green potion for 15 gold pieces
   994 | D:2      | Bought a fizzy orange potion for 15 gold pieces
  1594 | D:3      | Reached skill level 4 in Shapeshifting
  1594 | D:3      | Reached XP level 4. HP: 10/33 MP: 4/4
  1879 | D:3      | HP: 1/33 [orc priest/+0 flail (9)]
  1884 | D:3      | Killed from afar by an orc wizard

Illustrated notes

Levels and vault maps discovered:
D:1:      minmay_arrival_four_circles, layout_basic, grunt_decor_one_mirror,
          minmay_heptomino_w4
D:2:      layout_basic, serial_shops, nicolae_lakefront_shop, grunt_ministairs_3
D:3:      minmay_spotlight, layout_basic, shapermc_ecumenical_altar_mp_vishouse,
          minmay_misc_feat_rugged, dilly_guarded_unrand_morg

Skill      XL: |  1  2  3  4 |
---------------+-------------+-----
Fighting       | 2 |  2.5
Shapeshifting  | 4 |  4.2
Dodging        | 3 |  3.0
Unarmed Combat | |  3.9

Action                     |  1- 3 |  4- 6 || total
---------------------------+-------+-------++-------
  Melee: Unarmed           |   106 |    12 ||   118
         Punch             |     4 |       ||     4
Ability: Hop               |     1 |     1 ||     2
    Use: Potion            |     4 |     3 ||     7
         Scroll            |     1 |       ||     1
   Stab: Sleeping          |     1 |       ||     1
 Armour: Animal skin       |    43 |     8 ||    51
         Skin              |     6 |       ||     6
  Dodge: Dodged            |    49 |     6 ||    55

Table legend: (Time is in decaauts)
 A = Elapsed time spent in this place.
 B = Non-inter-level travel time spent in this place.
 C = Inter-level travel time spent in this place.
 D = Time resting spent in this place.
 E = Time spent auto-exploring this place.
 F = Levels seen in this place.
 G = Mean time per level.
                   A        B        C        D        E       F      G
               +--------+--------+--------+--------+--------+-----+--------+
         Total |   2143 |   2048 |     95 |    161 |   1453 |   3 |  714.3 |
       Dungeon |   2143 |   2048 |     95 |    161 |   1453 |   3 |  714.3 |
               +--------+--------+--------+--------+--------+-----+--------+

Top non-repeatable levels by time:
     D:1: 974 daAuts
     D:2: 825 daAuts
     D:3: 342 daAuts
